 Dungeon Crawl Stone Soup version 0.24-a0-498-ge00f04a389 (webtiles) character file.

Game seed: 10597697882058244884

30 Napalmbreeze the Charmwright (level 3, 0/29 HPs)
             Began as a Formicid Skald on July 14, 2019.
             Succumbed to a kobold's poison
             ... on level 1 of the Dungeon.
             The game lasted 00:02:09 (1119 turns).

Napalmbreeze the Charmwright (Formicid Skald)       Turns: 1119, Time: 00:02:09

Health: 0/29       AC:  3    Str: 16    XL:     3   Next: 37%
Magic:  6/6        EV: 11    Int: 12    God:
Gold:   61         SH:  0    Dex: 10    Spells: 6/7 levels left

rFire    . . .     SeeInvis +   a - +0 falchion
rCold    . . .     Gourm    .   (no shield)
rNeg     . . .     Faith    .   b - +0 leather armour
rPois    .         Spirit   .   (helmet unavailable)
rElec    .         Reflect  .   (no cloak)
rCorr    .         Harm     .   (no gloves)
MR       .....                  (no boots)
Stlth    +.........             (no amulet)
HPRegen  0.09/turn              (no ring)
MPRegen  0.10/turn              (no ring)

@: lethally poisoned (0 -> -17)
A: permanent stasis, dig shafts and tunnels, four strong arms, antennae 3
a: Dig, Shaft Self


You were on level 1 of the Dungeon.
You were not hungry.

You visited 1 branch of the dungeon, and saw 1 of its levels.

You collected 61 gold pieces.

Inventory:

Hand Weapons
 a - a +0 falchion (weapon)
Armour
 b - a +0 leather armour (worn)
Scrolls
 g - a scroll of noise {unknown}
 i - 3 scrolls of random uselessness {unknown}
 j - a scroll of magic mapping {unknown}
Potions
 c - a potion of cancellation {unknown}
 e - 2 potions of might {unknown}
 f - a potion of curing {unknown}
Comestibles
 d - 3 rations
 h - a chunk of flesh


   Skills:
 * Level 3.0 Fighting
 + Level 2.4 Long Blades
 - Level 1.1 Armour
 - Level 1.7 Dodging
 + Level 2.5 Spellcasting
 + Level 3.2 Charms


You had 6 spell levels left.
You knew the following spells:

 Your Spells              Type           Power        Failure   Level  Hunger
a - Infusion              Chrm           #...         9%          1    #......

Your spell library contained the following spells:

 Spells                   Type           Power        Failure   Level  Hunger
 Song of Slaying          Chrm           #.......     13%         2    ###....
 Shroud of Golubria       Chrm/Tloc      #.....       24%         2    ###....
 Regeneration             Chrm/Necr      #.........   43%         3    ###....
 Spectral Weapon          Hex/Chrm       #.......     43%         3    ###....


Dungeon Overview and Level Annotations

Branches:
Dungeon (1/15)

Altars:


Innate Abilities, Weirdness & Mutations

You cannot be hasted, slowed, berserked, paralysed or teleported.
You can dig through walls and to a lower floor.
Your four strong arms can wield two-handed weapons with a shield.
You have a pair of large antennae on your head. (SInv)


Message History

You feel sick.
The kobold hits you with a +1 short sword of venom.
You are more poisoned.
The kobold closely misses you.
You riposte.
You hit the kobold.
You kill the kobold!
Unknown command.
There is a lethal amount of poison in your body!
There is a lethal amount of poison in your body!
You feel sick.
* * * LOW HITPOINT WARNING * * *
You feel sick.
* * * LOW HITPOINT WARNING * * *
You feel sick.
* * * LOW HITPOINT WARNING * * *
You feel sick.
* * * LOW HITPOINT WARNING * * *
You feel sick.
* * * LOW HITPOINT WARNING * * *
You feel sick.
You die...

......#....#########
####..#....'.......#
####..#....#######.#
...##.#....#.......#
...##......#.#######
...##).....#.# .#
.........###.# .#
##.##.#..# #(####.#
.#.#..#..# #(.(.@)#
.)#.....># ########
.###.##### ..#..##
.#.#..# ##.##.#
......# .....##
######


There were no monsters in sight!

Vanquished Creatures
  A dart slug (D:1)
  A leopard gecko (D:1)
  5 bats (D:1)
  A giant cockroach (D:1)
  4 goblins (D:1)
  A hobgoblin (D:1)
  2 jackals (D:1)
  5 kobolds (D:1)
  A frilled lizard (D:1)
  4 rats (D:1)
25 creatures vanquished.

Notes
Turn   | Place    | Note
-------+----------+-------------------------------------------
     0 | D:1      | Napalmbreeze the Formicid Skald began the quest for the
                  | Orb.
     0 | D:1      | Reached XP level 1. HP: 16/16 MP: 3/3
    60 | D:1      | Reached XP level 2. HP: 20/23 MP: 5/5
   614 | D:1      | Reached XP level 3. HP: 25/28 MP: 6/6
  1119 | D:1      | Succumbed to a kobold's poison

Levels and vault maps discovered:
D:1:      dpeg_arrival_leaves_temple_mockup, layout_basic, minmay_tall_x

Skill      XL: |  1  2  3 |
---------------+----------+-----
Fighting       | 3 |  3.0
Long Blades    | |  2.4
Armour         | |  1.1
Dodging        | |  1.7
Spellcasting   | |  2.5
Charms         | |  3.2

Action                   || total
-------------------------++-------
Melee: Falchion          ||    92
  Eat: Chunk             ||     1
Armor: Leather armour    ||    26
Dodge: Dodged            ||    58
       Rpst.: Falchion   ||    24

Table legend:
 A = Non-vault XP
 B = Vault XP
 C = Vault XP percentage of total XP
 D = Non-vault monster count
 E = Vault monster count
 F = Vault count percentage of total count
                 A         B        C        D         E       F
            +---------+---------+-------+---------+---------+-------
      Total |      36 |       8 |  18.2 |      21 |       4 |  16.0
            +---------+---------+-------+---------+---------+-------
        D:1 |      36 |       8 |  18.2 |      21 |       4 |  16.0
            +---------+---------+-------+---------+---------+-------
